 Dungeon Crawl Stone Soup version 0.21.1-1-g345015f (webtiles) character file.

13 letownia2 the Charmwright (level 2, 17/22 HPs)
             Began as a Merfolk Skald on Mar 16, 2018.
             Quit the game on level 2 of the Dungeon.
             The game lasted 00:02:00 (371 turns).

letownia2 the Charmwright (Merfolk Skald)            Turns: 371, Time: 00:02:01

Health: 17/22      AC:  3    Str: 11    XL:     2   Next: 37%
Magic:  3/5        EV: 12    Int: 12    God:
Gold:   30         SH:  0    Dex: 13    Spells: 2/5 levels left

rFire    . . .     SeeInvis .   a - +0 spear
rCold    . . .     Gourm    .   (no shield)
rNeg     . . .     Faith    .   b - +0 leather armour
rPois    .         Spirit   .   (no helmet)
rElec    .         Reflect  .   (no cloak)
rCorr    .         Harm     .   (no gloves)
MR       .....                  (no boots)
Stlth    +.........             (no amulet)
HPRegen  0.07/turn              (no ring)
MPRegen  0.09/turn              (no ring)

@: lethally poisoned (17 -> -1), infused (expiring)
A: change form in water, swift swim, stealthy swim
a: no special abilities


You were on level 2 of the Dungeon.
You were not hungry.

You visited 1 branch of the dungeon, and saw 3 of its levels.

You collected 30 gold pieces.

Inventory:

Hand Weapons
 a - a +0 spear (weapon)
Missiles
 i - 11 sling bullets
Armour
 b - a +0 leather armour (worn)
 l - a +0 pair of boots
Scrolls
 g - a scroll of random uselessness {unknown}
 h - a scroll of enchant weapon {unknown}
Potions
 e - 2 potions of curing {unknown}
 f - a potion of brilliance {unknown}
 j - a potion of haste {unknown}
 k - a potion of flight {unknown}
Books
 c - a book of Battle

   Spells                             Type                      Level
   a - Infusion                       Charms                       1
   b - Shroud of Golubria             Charms/Translocation         2
   c - Song of Slaying                Charms                       2
   d - Spectral Weapon                Hexes/Charms                 3
   e - Regeneration                   Charms/Necromancy            3
Comestibles
 d - 2 rations


   Skills:
 - Level 2.1 Fighting
 - Level 3.1 Polearms
 - Level 0.6 Armour
 - Level 3.1 Dodging
 - Level 2.3 Spellcasting
 + Level 3.4 Charms
 + Level 0.1 Translocations


You had 2 spell levels left.
You knew the following spells:

 Your Spells              Type           Power        Failure   Level  Hunger
a - Infusion              Chrm           #...         9%          1    ##.....
t - Shroud of Golubria    Chrm/Tloc      #.........   26%         2    ###....


Dungeon Overview and Level Annotations

Branches:
Dungeon (3/15)

Altars:

Annotations:
D:3 letownia2's ghost, amateur MfSk


Message History

Space distorts slightly along a thin shroud covering your body.
Attack whom?
Press: ? - help, Dir - move target cursor, f - letownia2's ghost
Aim: letownia2's ghost, wielding a weapon of venom (shrouded)
You reach to attack!
You miss letownia2's ghost.
A quokka comes into view.
You completely miss letownia2's ghost.
Your magical infusion is running out.
Your shroud bends letownia2's ghost's attack away.
You miss letownia2's ghost. Letownia2's ghost barely misses you.
You closely miss letownia2's ghost.
Letownia2's ghost hits you but does no damage.
You are poisoned.
You feel sick. Letownia2's ghost hits you.
Your shroud falls apart!
You are lethally poisoned!
You climb upwards.
You feel sick.
There is a stone staircase leading down here.
Unknown command.
Are you sure you want to abandon this character and quit the game? (Confirm with "yes".)

#......#.#
########.# ####
#.......# ...#
#.####### ...# #.#
...# #.# ...# #.#
...#
##.########...####
#........@........
#########.########
#........
#########


There were no monsters in sight!

Vanquished Creatures
  A leopard gecko (D:1)
  3 goblins (D:1)
  2 hobgoblins (D:1)
  3 kobolds (D:1)
  A rat (D:3)
10 creatures vanquished.

Notes
Turn   | Place    | Note
-------+----------+-------------------------------------------
     0 | D:1      | letownia2 the Merfolk Skald began the quest for the Orb.
     0 | D:1      | Reached XP level 1. HP: 16/16 MP: 3/3
     6 | D:1      | Noticed a black bear
     6 | D:1      | Noticed a worker ant
     6 | D:1      | Noticed a swamp worm
     6 | D:1      | Noticed an anaconda
   187 | D:1      | Reached XP level 2. HP: 18/22 MP: 5/5
   227 | D:1      | Learned a level 2 spell: Shroud of Golubria
   361 | D:3      | Noticed letownia2's ghost (amateur MfSk)
   371 | D:2      | Quit the game

Skill      XL: |  1 |
---------------+----+-----
Dodging        | 3 |  3.1
Fighting       | |  2.1
Polearms       | |  3.1
Armour         | |  0.6
Spellcasting   | |  2.3
Charms         | |  3.4
Translocations | |  0.1

Action                   || total
-------------------------++-------
Melee: Spear             ||    22
 Cast: Infusion          ||     6
       Shroud of Golubri ||     1
Armor: Leather armour    ||     4
Dodge: Dodged            ||     7
